cohdb
Replays
Latest Replays
All Replays
Popular Replays
Top Player Replays
Match Explorer
How It Works
Community
CoH3 Stats
Reddit
Sign in to upload your games and track your stats! →
Sign in with Steam
Match 42871171
Unlisted
Match 42871171
Overview
Messages
Build Orders
End
Selects Airborne Battlegroup
Selects Heavy Machine Gun Paradrop
Construct Barracks
Heavy Machine Gun Paradrop
Riflemen Squad
Heavy Machine Gun Paradrop
Riflemen Squad
Selects Paratrooper Squad Paradrop
Grenade Package
Construct Medical Station
Paratrooper Squad Paradrop
M1 Mortar Team
Construct Weapon Support Center
Selects Anti-tank Gun Team Paradrop
Anti-tank Gun Team Paradrop
Mechanized Support Center
M3 Armored Personnel Carrier
Construct Tank Depot
Namcolap
mace87
Rasvak
Jurmis Ɑ͞ ̶ﻝﮞ
R.U.C
Fire [Goat Company]
Team saupiquet
Clara
0
0
Comments
sign in to comment!
No comments posted yet!